 Dungeon Sprint DCSS version 0.30.1-9-gdf580d7c3d (webtiles) character file.

Game seed: 6333495161816729574

11263 Heoruswealwe the Phalangite (level 11, -6/117 HPs)
             Began as a Minotaur Fighter on Sept 26, 2023.
             Was an Initiate of Gozag.
             Mangled by a sun demon (18 damage)
             ... summoned by an orc high priest
             ... in the Dungeon (Sprint IX: "|||||||||||||||||||||||||||||").
             The game lasted 00:14:12 (1271 turns).

Heoruswealwe the Phalangite (Minotaur Fighter)      Turns: 1271, Time: 00:14:12

Health: -6/117     AC: 25    Str: 29    XL:     11   Next: 47%
Magic:  10/10      EV:  8    Int:  5    God:    Gozag
Gold:   6185       SH:  0    Dex:  9    Spells: 10/10 levels left

rFire   . . .        b - +0 glaive
rCold   . . .        (shield currently unavailable)
rNeg    . . .        c - +0 plate armour
rPois   .            (helmet restricted)
rElec   .            h - +0 cloak
rCorr   .            f - +0 pair of gloves
SInv    .            e - +0 pair of boots
Will    .....        (no amulet) Stlth
                     k - +2 ring of protection
HPRegen 0.39/turn    j - +3 ring of strength
MPRegen 0.12/turn

%: no teleportation
@: gold aura, on berserk cooldown, slowed, very slow
A: horns 2, retaliatory headbutt
a: Renounce Religion, Potion Petition, Call Merchant, Bribe Branch


You were in the Dungeon.
You worshipped Gozag.
Gozag was greatly pleased with you.
You visited 1 branch You collected 6185 gold pieces.

Inventory:

Hand Weapons
 a - a +0 trident
 b - a +0 glaive (weapon)
Armour
 c - a +0 plate armour (worn)
 d - a +0 buckler
 e - a +0 pair of boots (worn)
 f - a +0 pair of gloves (worn)
 h - a +0 cloak (worn)
Jewellery
 j - a +3 ring of strength (right hand)
 k - a +2 ring of protection (left hand)
Wands
 l - a wand of light (10)
 n - a wand of mindburst (11)
 s - a wand of roots (6)
Scrolls
 m - a scroll of brand weapon
 o - 3 scrolls of blinking
 p - a scroll of silence
 q - 3 scrolls of identify
Potions
 r - 5 potions of curing


   Skills:
 + Level 17.4 Fighting
 * Level 23.4 Polearms
 + Level 17.4 Armour
 - Level 3.6 Shields


You had 10 spell levels left.
You didn't know any spells.
Your spell library was empty.

Dungeon Overview and Level Annotations

Branches:
Dungeon (1/1)

Altars:
Cheibriados
Dithmenos
Elyvilon
Fedhas
Gozag
Hepliaklqana
Kikubaaqudgha
Makhleb
Nemelex Xobeh
Okawaru
Qazlal
Ru
Sif Muna
Trog
Uskayaw
Vehumet
Wu Jian
Xom
Yredelemnul
Zin
The Shining One
Jiyva
Lugonu

Shops:
D *


Innate Abilities, Weirdness & Mutations

You have a pair of horns on your head.
You reflexively headbutt those who attack you in melee.


Message History

The orc knight hits you with a +0 glaive!!
* * * LOW HITPOINT WARNING * * *
The orc knight roars a battlecry!
The orc knight goes into a battle-frenzy!
You feel much better.
The orc high priest mumbles some strange prayers.
The orc knight hits you with a +0 glaive!!
* * * LOW HITPOINT WARNING * * *
You feel much better.
The orc high priest mumbles some strange prayers to Beogh.
The orc knight hits you with a +0 glaive. x2
* * * LOW HITPOINT WARNING * * *
You slice the orc knight!!
You kill the orc knight!
The orc high priest mumbles some strange prayers to Beogh.
The sun demon hits you!
* * * LOW HITPOINT WARNING * * *
You are engulfed in flames!!
* * * LOW HITPOINT WARNING * * *
You feel much better.
The sun demon hits you but does no damage.
The orc high priest utters an invocation to Beogh.
The sun demon hits you!
* * * LOW HITPOINT WARNING * * *
You are engulfed in flames!
* * * LOW HITPOINT WARNING * * *
Unknown command.
You slash the sun demon! Your headbutt misses the sun demon.
The sun demon is moderately wounded.
The sun demon hits you but does no damage.
You slice the sun demon like a ripe choko!!!
Your headbutt misses the sun demon.
The sun demon is almost dead.
The orc knight roars a battlecry!
The sun demon hits you but does no damage.
You miss the sun demon. Your headbutt misses the sun demon.
The sun demon is almost dead.
The sun demon hits you!!
You die...
Your body crumbles into a pile of gold. ▓▓▓▓▓▓▓▓▓▓▓▓▓▓▓▓▓▓▓▓▓▓▓▓ )..')[)).))))...@33ooooo $ $ $$$$

▓▓▓▓▓▓▓▓▓▓▓▓▓▓▓▓▓▓▓▓▓▓▓▓▓▓▓▓▓▓▓▓▓
..........................)......
▓▓▓▓▓▓▓▓▓▓▓▓▓▓▓▓▓▓▓▓▓▓▓▓▓▓▓▓▓▓▓▓▓
.......'.........'........?!=['..
▓▓▓▓▓▓▓▓▓▓▓▓▓▓▓▓▓▓▓▓▓▓▓▓▓▓▓▓▓▓▓▓▓
.................................
▓▓▓▓▓▓▓▓▓▓▓▓▓▓▓▓▓▓▓▓▓▓▓▓▓▓▓▓▓▓▓▓▓
_________________'!?)..[...).....


You could see 3 orc knights, 2 orc high priests, a sun demon (summoned) and a
neqoxec (summoned).

Vanquished Creatures
  A hydra (D)
  A two-headed ogre (D)
  A centaur warrior (D)
  An orc high priest (D)
  A fire crab (D)
  2 orc knights (D)
  A slime creature (D)
  An elephant (D)
  A black mamba (D)
  4 cane toads (D)
  A gargoyle (D)
  A rime drake (D)
  2 komodo dragons (D)
  A kobold demonologist (D)
  Psyche (D)
  An efreet (D)
  A troll (D)
  5 polar bears (D)
  A vampire (D)
  A basilisk (D)
  A wyvern (D)
  A yak (D)
  An acid dragon (D)
  A water moccasin (D)
  3 black bears (D)
  8 orc warriors (D)
  A kobold brigand (D)
  3 bullfrogs (D)
  A scorpion (D)
  A gnoll sergeant (D)
  2 orc priests (D)
  A jelly (D)
  6 orc wizards (D)
  A shadow imp (D)
  A white imp (D)
  An ufetubus (D)
  8 orcs (D)
  A ball python (D)
  An endoplasm (D)
  A hobgoblin (D)
  A bat (D)
  A frilled lizard (D)
75 creatures vanquished.

Notes
Turn   | Place    | Note
-------+----------+-------------------------------------------
     0 | D        | Heoruswealwe the Minotaur Fighter began the quest for the
                  | Orb.
     0 | D        | Reached XP level 1. HP: 19/19 MP: 0/0
     8 | D        | Reached skill level 3 in Polearms
    25 | D        | Noticed a scorpion
    25 | D        | Noticed a jelly
    35 | D        | Reached skill level 4 in Polearms
    35 | D        | Reached XP level 2. HP: 22/28 MP: 1/1
    37 | D        | Reached skill level 5 in Polearms
    39 | D        | Reached skill level 5 in Fighting
    39 | D        | Reached skill level 5 in Armour
    46 | D        | Killed a scorpion
    47 | D        | Reached skill level 7 in Polearms
    47 | D        | Reached XP level 3. HP: 30/37 MP: 2/2
    47 | D        | Reached XP level 4. HP: 36/44 MP: 3/3
    48 | D        | Reached skill level 8 in Polearms
    54 | D        | Found a snail-covered altar of Cheibriados.
    54 | D        | Found a shadowy altar of Dithmenos.
    54 | D        | Found a white marble altar of Elyvilon.
    54 | D        | Found a blossoming altar of Fedhas.
    54 | D        | Found an opulent altar of Gozag.
    55 | D        | Found a hazy altar of Hepliaklqana.
    56 | D        | Found a viscous altar of Jiyva.
    57 | D        | Found an ancient bone altar of Kikubaaqudgha.
    58 | D        | Found a corrupted altar of Lugonu.
    59 | D        | Found a burning altar of Makhleb.
    60 | D        | Found a sparkling altar of Nemelex Xobeh.
    61 | D        | Found an iron altar of Okawaru.
    62 | D        | Became a worshipper of Gozag Ym Sagoz the Greedy
    63 | D        | Found a stormy altar of Qazlal.
    64 | D        | Found a sacrificial altar of Ru.
    65 | D        | Found a shimmering blue altar of Sif Muna.
    66 | D        | Found a bloodstained altar of Trog.
    67 | D        | Found a hide-covered altar of Uskayaw.
    68 | D        | Found a radiant altar of Vehumet.
    69 | D        | Found an ornate altar of the Wu Jian Council.
    70 | D        | Found a shimmering altar of Xom.
    71 | D        | Found a basalt altar of Yredelemnul.
    72 | D        | Found a glowing silver altar of Zin.
    73 | D        | Found a glowing golden altar of the Shining One.
   130 | D        | Noticed a kobold demonologist
   130 | D        | Noticed a vampire
   130 | D        | Noticed a two-headed ogre
   130 | D        | Noticed a gnoll sergeant
   130 | D        | Noticed a kobold brigand
   130 | D        | Noticed a troll
   133 | D        | Killed a kobold demonologist
   134 | D        | Reached skill level 11 in Polearms
   134 | D        | Reached XP level 5. HP: 57/57 MP: 4/4
   134 | D        | Reached XP level 6. HP: 63/63 MP: 5/5
   144 | D        | Killed a vampire
   145 | D        | Reached skill level 12 in Polearms
   145 | D        | Reached XP level 7. HP: 42/71 MP: 6/6
   153 | D        | Killed a two-headed ogre
   154 | D        | Reached skill level 15 in Polearms
   154 | D        | Reached XP level 8. HP: 61/82 MP: 7/7
   169 | D        | Killed a troll
   319 | D        | Noticed a slime creature
   319 | D        | Noticed a slime creature
   319 | D        | Noticed a centaur warrior
   319 | D        | Noticed a gargoyle
   319 | D        | Noticed an efreet
   328 | D        | Killed a large slime creature
   329 | D        | Reached skill level 16 in Polearms
   334 | D        | Killed a centaur warrior
   335 | D        | Reached skill level 17 in Polearms
   335 | D        | Reached XP level 9. HP: 45/93 MP: 8/8
   336 | D        | Killed a gargoyle
   337 | D        | Reached skill level 18 in Polearms
   343 | D        | Killed an efreet
   612 | D        | Noticed a cane toad
   612 | D        | Noticed an elephant
   615 | D        | Noticed a black mamba
   620 | D        | Killed a cane toad
   621 | D        | Noticed a cane toad
   628 | D        | Killed an elephant
   629 | D        | Reached skill level 19 in Polearms
   634 | D        | Reached XP level 10. HP: 98/104 MP: 9/9
   642 | D        | Killed a black mamba
   646 | D        | Killed a cane toad
   672 | D        | Noticed a fire crab
   672 | D        | Noticed a cane toad
   673 | D        | Noticed a seven-headed hydra
   677 | D        | Reached skill level 15 in Fighting
   677 | D        | Reached skill level 20 in Polearms
   677 | D        | Reached skill level 15 in Armour
   683 | D        | Noticed a cane toad
   684 | D        | Killed a fire crab
   692 | D        | Killed a ten-headed hydra
   693 | D        | Reached skill level 21 in Polearms
   696 | D        | Killed a cane toad
   706 | D        | Killed a cane toad
   817 | D        | Reached XP level 11. HP: 115/115 MP: 10/10
   822 | D        | Reached skill level 22 in Polearms
   889 | D        | Noticed Psyche
   895 | D        | Killed Psyche
  1052 | D        | Noticed an orc knight
  1061 | D        | Killed an orc knight
  1093 | D        | Reached skill level 23 in Polearms
  1233 | D        | Found Jechoino's General Store.
  1233 | D        | Noticed an orc high priest
  1233 | D        | Noticed an orc knight
  1233 | D        | Noticed an orc high priest
  1233 | D        | Noticed an orc knight
  1233 | D        | Noticed an orc knight
  1234 | D        | Noticed a soul eater
  1234 | D        | Noticed an orc high priest
  1237 | D        | Killed an orc high priest
  1241 | D        | Noticed a sun demon
  1247 | D        | Noticed an orc knight
  1267 | D        | Killed an orc knight
  1271 | D        | Mangled by a sun demon

Illustrated notes

Levels and vault maps discovered:
D:        linesprint [early_d, line_temple, items_1, d_10, items_2, lair_1,
          lair_end, items_3, orc_1, orc_end, items_4, d_15, swamp_1, shoals_1,
          snake_1, spider_1, d_20, vaults_1, items_5, swamp_end, shoals_end,
          snake_end, spider_end, vaults_end, d_27, items_6, zot_1, zot_end,
          crypt_end, forest_end, elf_end, slime_end, tomb_end, abyss_end,
          pan_hell_end]

Skill      XL: |  1  2  3  4  5  6  7  8  9 10 11 |
---------------+----------------------------------+-----
Polearms       | 4 7 11 12 15 17 19 21 23 | 23.4
Fighting       | 4 6 9 11 13 14 16 17 | 17.4
Armour         | 4 6 9 11 13 14 16 17 | 17.4
Shields        | |  3.6

Action                     |  1- 3 |  4- 6 |  7- 9 | 10-12 || total
---------------------------+-------+-------+-------+-------++-------
  Melee: Trident           |    34 |     1 |       |       ||    35
         Headbutt          |     5 |     5 |     9 |    39 ||    58
         Halberd           |       |    14 |    53 |   138 ||   205
         Glaive            |       |       |       |    32 ||    32
    Use: Potion            |     1 |       |     6 |     6 ||    13
   Stab: Distracted        |       |       |       |     2 ||     2
 Armour: Scale mail        |    14 |       |       |       ||    14
         Plate armour      |       |    10 |    27 |    53 ||    90
  Dodge: Dodged            |    12 |     1 |    11 |    26 ||    50
  Block: Buckler           |     9 |       |       |       ||     9
